 Dungeon Crawl Stone Soup version 0.31.0-11-ge490571c62 (webtiles) character file.

Game seed: 4293575879425868894

194 qw the Skirmisher (level 5, -6/29 HPs)
             Began as a Deep Elf Hunter on Feb 3, 2024.
             Mangled by Pikel
             ... wielding a +1 whip of flaming
              (10 damage)
             ... on level 5 of the Dungeon.
             The game lasted 00:00:09 (2808 turns).

qw the Skirmisher (Deep Elf Hunter)                 Turns: 2808, Time: 00:00:10

Health: -6/29      AC:  5    Str: 10    XL:     5   Next: 44%
Magic:  7/7        EV: 11    Int: 14    God:
Gold:   189        SH:  0    Dex: 18    Spells: 4/4 levels left

rFire   . . .        a - +2 shortbow
rCold   + . .        (shield currently unavailable)
rNeg    . . .        n - +0 ring mail
rPois   +            (no helmet)
rElec   .            (no cloak)
rCorr   .            (no gloves)
SInv    .            (no boots)
Will    .....        (no amulet)
Stlth   +            d - ring of protection from cold
HPRegen 0.24/turn    j - ring of poison resistance
MPRegen 0.10/turn

%: no passive effects
@: about to teleport
A: no striking features
a: no special abilities


You were on level 5 of the Dungeon.
You visited 1 branch of the dungeon, and saw 5 of its levels.

You collected 189 gold pieces.


   Skills:
 + Level 1.5 Fighting
 - Level 9.0 Ranged Weapons
 - Level 2.4 Dodging
 - Level 1.2 Stealth


You had 4 spell levels left.
You didn't know any spells.
Your spell library was empty.

Inventory:

Hand Weapons
 a - a +2 shortbow (weapon)
Armour
 n - a +0 ring mail (worn)
Jewellery
 d - a ring of protection from cold (left hand)
 j - a ring of poison resistance (right hand)
Potions
 e - a potion of resistance {unknown}
 f - 2 potions of curing
 g - a potion of enlightenment {unknown}
 h - a potion of magic {unknown}
 i - a potion of heal wounds {unknown}
 k - a potion of brilliance {unknown}
 l - a potion of ambrosia {unknown}
 m - a potion of haste {unknown}

Dungeon Overview and Level Annotations

Branches:
Dungeon (5/15)
 Temple: D:4-7

Altars:
Zin

Annotations:
D:5 Pikel


Message History

2792 ||| RETREEEEATING.
Pikel, a lemure and an ice beast come into view.
Pikel is wielding a +1 whip of flaming.
2794 ||| RETREEEEATING.
2796 ||| RETREEEEATING.
You shoot an arrow. The arrow barely misses the lemure.
The lemure barely misses you.
You shoot an arrow. The arrow barely misses the lemure.
The lemure closely misses you.
You shoot an arrow. The arrow barely misses the lemure.
2800 ||| RETREEEEATING.
You shoot an arrow.
The arrow hits the lemure but does no damage.
You hear a shout!
The lemure hits you!
You shoot an arrow. The arrow hits the lemure.
The lemure is lightly wounded.
You shoot an arrow.
The arrow hits Pikel but does no damage.
You shoot an arrow.
The arrow hits Pikel but does no damage.
Pikel hits you but does no damage.
You shoot an arrow. The arrow hits Pikel!
Pikel is lightly wounded.
Pikel hits you with a +1 whip of flaming!
Pikel burns you.
You shoot an arrow. The arrow hits Pikel.
Pikel is moderately wounded.
Pikel hits you with a +1 whip of flaming.
Pikel burns you.
2807 ||| READING scroll of teleportation.
As you read the scroll of teleportation, it crumbles to dust.
You feel strangely unstable. Pikel closely misses you.
You shoot an arrow. The arrow hits Pikel!
Pikel is heavily wounded.
You hear a shout!
Pikel hits you with a +1 whip of flaming!
You die...
Pikel says, "See you in Hell!"

. 7#. 7..
.#
7.######..
7.#.....K.
7.#.....Y.
#.#...5...
#@#.......
#K#.......
#55.......
##..####..
...# #..##
...# ....#
##..$


You could see Pikel and 2 lemures.

Vanquished Creatures
  Natasha (thrice) (D:4)
  2 gnolls (D:1)
  4 adders
  A dart slug (D:1)
  A ribbon worm (D:2)
  An orc (D:3)
  2 ball pythons
  7 endoplasms
  3 giant cockroaches
  4 goblins
  4 hobgoblins
  6 jackals
  2 quokkas
  6 bats
  A frilled lizard (D:3)
  6 kobolds
  7 rats
60 creatures vanquished.

Notes
Turn   | Place    | Note
-------+----------+-------------------------------------------
     0 | D:1      | qw the Deep Elf Hunter began the quest for the Orb.
     0 | D:1      | Reached XP level 1. HP: 12/12 MP: 3/3
     0 | D:1      | 0 ||| qw: Version: 0.3-a-157-g843a77d
     0 | D:1      | 0 ||| qw: Game counter: 3601
     0 | D:1      | 0 ||| qw: Melee chars always use a shield: true
     0 | D:1      | 0 ||| qw: God list: Okawaru
     0 | D:1      | 0 ||| qw: Allow faded altars: false
     0 | D:1      | 0 ||| qw: Do Orc after clearing Dungeon:15 true
     0 | D:1      | 0 ||| qw: Do second Lair branch before Depths: true
     0 | D:1      | 0 ||| qw: Lair rune preference: random
     0 | D:1      | 0 ||| qw: Goals: Normal
     0 | D:1      | 0 ||| PLANNING D:1-11
    82 | D:1      | Reached skill level 6 in Ranged Weapons
    82 | D:1      | Reached XP level 2. HP: 16/16 MP: 4/4
   133 | D:1      | Reached XP level 3. HP: 20/20 MP: 5/5
   417 | D:1      | Reached skill level 7 in Ranged Weapons
   585 | D:1      | 585 ||| READING scroll labelled WOYDAU QOYT.
   585 | D:1      | 585 ||| ENCHANTING +0 shortbow.
   586 | D:1      | 586 ||| READING scroll labelled ZUSCHI BOOZYTI.
   587 | D:1      | 587 ||| DROPPING scroll of butterflies.
  1027 | D:2      | Reached XP level 4. HP: 18/25 MP: 6/6
  1497 | D:2      | 1497 ||| UPGRADING to ring of protection from cold.
  1498 | D:2      | 1498 ||| READING scroll labelled VITONY LUDAATU.
  1499 | D:2      | 1499 ||| READING scroll labelled RUYRAP MEIT.
  1499 | D:2      | 1499 ||| ENCHANTING +1 shortbow.
  1761 | D:3      | Found a faded altar of an unknown god.
  2303 | D:3      | 2303 ||| UPGRADING to +0 scale mail.
  2313 | D:3      | 2313 ||| DROPPING +0 leather armour.
  2314 | D:3      | 2314 ||| UPGRADING to +0 ring mail.
  2324 | D:3      | 2324 ||| DROPPING +0 scale mail.
  2325 | D:3      | 2325 ||| UPGRADING to ring of poison resistance.
  2326 | D:3      | 2326 ||| READING 2 scrolls labelled JIEVVUY JUFUFE.
  2330 | D:3      | 2330 ||| READING scroll labelled XOC URUOLILIO.
  2331 | D:3      | 2331 ||| READING scroll labelled JUIRGH HEAB.
  2332 | D:3      | 2332 ||| DRINKING 3 silvery potions.
  2363 | D:4      | Reached skill level 8 in Ranged Weapons
  2428 | D:4      | Noticed Natasha
  2435 | D:4      | Killed Natasha
  2465 | D:4      | Reached XP level 5. HP: 26/29 MP: 7/7
  2476 | D:4      | Found a glowing silver altar of Zin.
  2689 | D:4      | Noticed Natasha
  2695 | D:4      | Killed Natasha
  2706 | D:4      | 2706 ||| READING scroll of enchant weapon.
  2706 | D:4      | 2706 ||| ENCHANTING +1 shortbow.
  2781 | D:4      | 2781 ||| READING scroll labelled DUT VAUCAUXOAN.
  2783 | D:4      | Noticed Natasha
  2788 | D:4      | Killed Natasha
  2789 | D:4      | Reached skill level 9 in Ranged Weapons
  2790 | D:5      | Entered Level 5 of the Dungeon
  2790 | D:5      | Noticed a lemure
  2791 | D:5      | Noticed Pikel
  2792 | D:5      | 2792 ||| RETREEEEATING.
  2793 | D:5      | Noticed a lemure
  2793 | D:5      | Noticed an ice beast
  2794 | D:5      | 2794 ||| RETREEEEATING.
  2796 | D:5      | 2796 ||| RETREEEEATING.
  2800 | D:5      | 2800 ||| RETREEEEATING.
  2806 | D:5      | HP: 4/29 [Pikel/+1 whip of flaming (6)]
  2807 | D:5      | 2807 ||| READING scroll of teleportation.
  2808 | D:5      | Mangled by Pikel

Levels and vault maps discovered:
D:1:      psy_arrival_dodecagon, layout_basic, hangedman_decor_push
D:2:      layout_loops_corners, hangedman_decor_slide_cut, minmay_tromino_i4
D:3:      layout_basic, dreamdust_ecumenical_altar_angels_and_demons,
          minmay_misc_feat_room, hangedman_decor_peaks_small
D:4:      layout_cave_pools, lemuel_tele_altar, nrook_loot_triangle,
          uniq_natasha
D:5:      layout_rooms, serial_bayou, serial_bayou_shore_b, serial_bayou_ford_a,
          serial_bayou_lake_a, serial_bayou_pond_d, uniq_pikel

Skill      XL: |  1  2  3  4  5 |
---------------+----------------+-----
Ranged Weapons | 6 7 8 9 |  9.0
Fighting       | |  1.5
Dodging        | |  2.4
Stealth        | |  1.2

Action                     |  1- 3 |  4- 6 || total
---------------------------+-------+-------++-------
   Fire: Shortbow          |    81 |    95 ||   176
    Use: Scroll            |     2 |     8 ||    10
         Potion            |       |     1 ||     1
 Armour: Leather armour    |    13 |     9 ||    22
         Ring mail         |       |    11 ||    11
  Dodge: Dodged            |    11 |    29 ||    40

Table legend:
 A = Non-vault XP
 B = Vault XP
 C = Vault XP percentage of total XP
 D = Non-vault monster count
 E = Vault monster count
 F = Vault count percentage of total count
                 A         B        C        D         E       F
            +---------+---------+-------+---------+---------+-------
      Total |     227 |      51 |  18.3 |      56 |       4 |   6.7
            +---------+---------+-------+---------+---------+-------
        D:1 |      63 |       0 |   0.0 |      21 |       0 |   0.0
        D:2 |      37 |      16 |  30.2 |      14 |       3 |  17.6
        D:3 |      22 |       0 |   0.0 |       7 |       0 |   0.0
        D:4 |     105 |      35 |  25.0 |      14 |       1 |   6.7
            +---------+---------+-------+---------+---------+-------
